 Dungeon Crawl Stone Soup version 0.32-a0-818-gb728d0252e (webtiles) character file.

Game seed: 1825771182067677762

783 Fodor the Chopper (level 7, -1/61 HPs)
             Began as a Minotaur Fighter on Mar 25, 2024.
             Slain by a gnoll
             ... wielding a +0 halberd
             ... led by a gnoll sergeant
              (7 damage)
             ... on level 5 of the Dungeon.
             The game lasted 00:09:50 (3665 turns).

Fodor the Chopper (Minotaur Fighter)                Turns: 3665, Time: 00:09:53

Health: -1/61      AC:  8    Str: 22    XL:     7   Next: 55%
Magic:  6/6        EV:  9    Int:  5    God:
Gold:   257        SH:  4    Dex: 10    Spells: 6/6 levels left

rFire   . . .        a - +0 war axe
rCold   . . .        c - +0 buckler
rNeg    . . .        b - +0 scale mail
rPois   .            j - +1 hat
rElec   .            (no cloak)
rCorr   .            (no gloves)
SInv    .            (no boots)
Will    .....        (no amulet) Stlth
                     (no ring)
HPRegen 0.30/turn    (no ring)
MPRegen 0.10/turn

%: no passive effects
@: no status effects
A: horns 2, retaliatory headbutt
a: no special abilities


You were on level 5 of the Dungeon.
You visited 1 branch of the dungeon, and saw 5 of its levels.
You also visited: Sewer.

You collected 257 gold pieces.

Inventory:

Hand Weapons
 a - a +0 war axe (weapon)
Missiles
 t - 3 boomerangs (quivered)
Armour
 b - a +0 scale mail (worn)
 c - a +0 buckler (worn)
 j - a +1 hat (worn)
 u - a +0 plate armour
Jewellery
 l - a +5 ring of evasion
 p - a ring of protection from cold
Wands
 q - a wand of charming (5)
Scrolls
 g - a scroll of amnesia
 k - 3 scrolls of fear
 o - 2 scrolls of revelation
 r - a scroll of brand weapon
 v - a scroll of identify
Potions
 d - 2 potions of might
 e - a potion of mutation {unknown}
 f - a potion of invisibility {unknown}
 h - 3 potions of heal wounds {unknown}
 i - a potion of curing {unknown}
 m - 2 potions of magic {unknown}
 n - a potion of degeneration {unknown}
 s - a potion of resistance {unknown}


   Skills:
 + Level 5.2 Fighting
 + Level 6.6 Axes
 + Level 6.4 Armour
 + Level 3.0 Dodging
 + Level 0.5 Stealth
 + Level 4.5 Shields


You had 6 spell levels left.
You didn't know any spells.
Your spell library contained the following spells:

 Spells                   Type           Power      Damage    Failure   Level
 Sting                    Conj/Alch      0%         1d3       83%         1
 Mercury Vapours          Alch/Air       0%         N/A       93%         2
 Olgreb's Toxic Radiance  Alch           0%         N/A       100%        4


Dungeon Overview and Level Annotations

Branches:
Dungeon (5/15)              Sewer (visited)
 Temple: D:4-7

Altars:
Ashenzari

Shops:
D:1 (


Innate Abilities, Weirdness & Mutations

You have a pair of horns on your head.
You reflexively headbutt those who attack you in melee.


Message History

The gnoll sergeant hits you with a +0 spear! x2
* * * LOW HITPOINT WARNING * * *
You hit the gnoll sergeant but do no damage.
You headbutt the gnoll sergeant, but do no damage.
The gnoll sergeant is moderately wounded.
The gnoll sergeant hits you but does no damage.
You slash the gnoll sergeant!
The gnoll sergeant is severely wounded.
You block the gnoll sergeant's attack.
Unknown command.
You slash the gnoll sergeant!
You kill the gnoll sergeant!
You block the scorpion's attack.
You slash the scorpion!
The scorpion is severely wounded.
The scorpion stings you but does no damage.
You slash the scorpion!
You kill the scorpion!
The gnoll hits you but does no damage.
You slash the gnoll!
The gnoll is severely wounded.
The gnoll closely misses you.
You slash the gnoll!
You kill the gnoll!
You slash the gnoll!
You kill the gnoll!
The white imp laughs crazily.
Your Dodging skill increases to level 3!
You slash the white imp!
The white imp is almost dead.
The white imp gestures at you. The puff of frost hits you!
* * * LOW HITPOINT WARNING * * *
You barely miss the white imp.
The white imp is almost dead.
The white imp gestures at you. The puff of frost hits you.
* * * LOW HITPOINT WARNING * * *
The gnoll hits you from afar with a +0 halberd!
You die...

.#... ... ... #.#
... #.# #.# #.# #g#
#)# #5# #.# #@# #.#
#.###.########
#.............
#######.############
....................
.######.############
#.# #.# ..#


You could see a gnoll and a white imp.

Vanquished Creatures
  A phantom (D:4)
  A gnoll sergeant (D:5)
  2 scorpions
  2 orc priests (D:4)
  A bombardier beetle (D:4)
  A hound (D:4)
  2 iguanas (D:4)
  Ijyb (D:3)
  2 orc wizards (D:4)
  Robin (D:3)
  3 gnolls
  10 adders
  4 river rats
  A dart slug (D:3)
  2 ribbon worms
  10 orcs (D:4)
  14 ball pythons
  3 bats
  3 endoplasms
  5 giant cockroaches
  15 goblins
  9 hobgoblins
  12 kobolds
  3 quokkas
  2 frilled lizards (D:1)
  18 rats
128 creatures vanquished.

Notes
Turn   | Place    | Note
-------+----------+-------------------------------------------
     0 | D:1      | Fodor the Minotaur Fighter began the quest for the Orb.
     0 | D:1      | Reached XP level 1. HP: 19/19 MP: 0/0
   150 | D:1      | Reached XP level 2. HP: 26/27 MP: 1/1
   250 | D:1      | Noticed a +0 quick blade
   251 | D:1      | Found Courral's Weapon Shoppe.
   254 | D:1      | Noticed a +0 triple crossbow
   826 | D:2      | Reached XP level 3. HP: 30/33 MP: 2/2
  1437 | D:3      | Reached XP level 4. HP: 29/40 MP: 3/3
  1469 | D:3      | Noticed Robin
  1473 | D:3      | Killed Robin
  1474 | D:3      | Reached skill level 1 in Dodging
  1510 | D:3      | Found a broken altar of Ashenzari.
  1572 | D:3      | Noticed Ijyb
  1598 | D:3      | Killed Ijyb
  1639 | D:3      | Found a glowing drain.
  1672 | Sewer    | Entered a sewer
  1696 | Sewer    | Reached XP level 5. HP: 45/46 MP: 4/4
  2136 | Sewer    | Reached skill level 5 in Axes
  2732 | D:4      | Reached XP level 6. HP: 46/53 MP: 5/5
  2849 | D:4      | Reached skill level 5 in Armour
  3278 | D:4      | Reached XP level 7. HP: 47/60 MP: 6/6
  3301 | D:4      | Reached skill level 5 in Fighting
  3613 | D:5      | Entered Level 5 of the Dungeon
  3665 | D:5      | Slain by a gnoll

Illustrated notes

Levels and vault maps discovered:
D:1:      dpeg_arrival_water_fire, layout_basic, serial_shops,
          nicolae_shop_mannequins
D:2:      layout_basic
D:3:      layout_loops_ring, cheibrodos_ashenzari_chains, portal_sewer_entry_b,
          uniq_ijyb, uniq_robin
D:4:      layout_basic, serial_library_regret_index_small_wings,
          minmay_box_of_dots
D:5:      layout_basic, minmay_temple_entry_glassed_door

Skill      XL: |  1  2  3  4  5  6  7 |
---------------+----------------------+-----
Shields        | 4 |  4.5
Axes           | 3 4 5 6 |  6.6
Armour         | 4 5 6 |  6.4
Fighting       | 4 5 |  5.2
Dodging        | 1 2 3 |  3.0
Stealth        | |  0.5

Action                     |  1- 3 |  4- 6 |  7- 9 || total
---------------------------+-------+-------+-------++-------
  Melee: War axe           |    72 |   188 |    50 ||   310
         Headbutt          |    11 |    17 |     6 ||    34
    Use: Scroll            |     3 |     1 |       ||     4
 Armour: Scale mail        |    85 |   168 |    47 ||   300
  Dodge: Dodged            |    43 |    84 |     9 ||   136
  Block: Buckler           |    19 |    36 |     5 ||    60

Table legend: (Time is in decaauts)
 A = Elapsed time spent in this place.
 B = Non-inter-level travel time spent in this place.
 C = Inter-level travel time spent in this place.
 D = Time resting spent in this place.
 E = Time spent auto-exploring this place.
 F = Levels seen in this place.
 G = Mean time per level.
                   A        B        C        D        E       F      G
               +--------+--------+--------+--------+--------+-----+--------+
         Total |   3930 |   3930 |      0 |      0 |   2544 |   6 |  655.0 |
       Dungeon |   3058 |   3058 |      0 |      0 |   2034 |   5 |  611.6 |
         Sewer |    871 |    871 |      0 |      0 |    509 |   1 |  871.0 |
               +--------+--------+--------+--------+--------+-----+--------+

Top non-repeatable levels by time:
     D:4: 919 daAuts
   Sewer: 871 daAuts
     D:3: 765 daAuts
     D:1: 678 daAuts
     D:2: 640 daAuts
     D:5: 55 daAuts
